[Event "Titled Tuesday Blitz June 20 Early 2023"]
[White "MunichMouse"]
[Black "Mathieu, Phileas"]
[BlackFideId "36048410"]
[WhiteElo "2307"]
[BlackElo "2240"]
[Result "0-1"]
[Round "2"]
[TimeControl "180+2"]
[Date "2023.06.20"]
[WhiteClock "0:00:20"]
[BlackClock "0:01:18"]
[Board "180"]

1. d4 Nf6 2. c4 c5 3. e3 g6 4. Nf3 Bg7 5. Nc3 cxd4 6. exd4 d5 7. Bg5 Be6 8. Qb3 dxc4 9. Bxc4 Bxc4 10. Qxc4 O-O 11. O-O Nbd7 12. Rac1 h6 13. Bf4 Rc8 14. Qb3 Nb6 15. Be5 Nfd5 16. Bxg7 Kxg7 17. Rfd1 e6 18. Ne5 Qd6 19. Nb5 Qb8 20. a4 Rxc1 21. Rxc1 Rc8 22. Rc2 Rxc2 23. Qxc2 a6 24. a5 axb5 25. axb6 Nxb6 26. Qc5 Nd5 27. Qxb5 Qa7 28. Nf3 Qa1+ 29. Qf1 Qxb2 30. h3 b5 31. Qe1 b4 32. Qe5+ Kh7 33. Qd6 Qc1+ 34. Kh2 Qf4+ 35. Qxf4 Nxf4 36. Nd2 Ne2 37. Nb3 Kg7 38. g3 Kf6 39. Kg2 e5 40. Kf3 Nxd4+ 41. Nxd4 exd4 42. Ke4 b3 43. Kd3 Ke5 0-1


[Site "https://www.chess.com"]

[Event "Titled Tuesday Blitz June 20 Early 2023"]
[White "MAHanif"]
[Black "Arpita, Mukherjee"]
[BlackFideId "5056403"]
[WhiteElo "2304"]
[BlackElo "2129"]
[Result "0-1"]
[Round "2"]
[TimeControl "180+2"]
[Date "2023.06.20"]
[WhiteClock "0:00:06"]
[BlackClock "0:00:42"]
[Board "182"]

1. d4 Nf6 2. Nf3 g6 3. g3 Bg7 4. Bg2 O-O 5. O-O d6 6. c3 Nbd7 7. Nbd2 c6 8. e4 Qc7 9. Re1 e5 10. Nc4 Re8 11. dxe5 dxe5 12. Qd6 Qxd6 13. Nxd6 Re6 14. Rd1 Bf8 15. Nxc8 Rxc8 16. Bh3 Rd6 17. Bg5 Rc7 18. Bxf6 Nxf6 19. Nxe5 Nxe4 20. Bg2 Nc5 21. Rxd6 Bxd6 22. Nc4 Bf8 23. Rd1 Kg7 24. Kf1 Na4 25. Rd2 b5 26. Ne5 c5 27. Bf3 b4 28. c4 Nb6 29. b3 a5 30. Bd5 a4 31. f4 axb3 32. axb3 f6 33. Ng4 Ra7 34. Rd3 f5 35. Ne3 Be7 36. Bg2 Bf6 37. Nd5 Nxd5 38. Bxd5 Bd4 39. Rd1 Ra2 40. h4 Rb2 41. Rd3 Kh6 42. Bf3 Rb1+ 43. Ke2 Rg1 44. Bd5 Kg7 45. Rd1 Rxd1 46. Kxd1 Bf2 47. Ke2 Bxg3 48. Kf3 Bxh4 49. Bc6 Bf6 50. Be8 Bd4 51. Bd7 h6 52. Bc8 Kf6 53. Kg3 g5 54. fxg5+ hxg5 55. Kf3 Be5 56. Bb7 g4+ 57. Ke3 Kg5 58. Bc8 Bd4+ 59. Ke2 f4 60. Kf1 f3 61. Bd7 Kf4 0-1


[Site "https://www.chess.com"]

[Event "Titled Tuesday Blitz June 20 Early 2023"]
[White "Bilan, Danila"]
[Black "Ardila, Oscar Humberto"]
[WhiteFideId "24161918"]
[BlackFideId "4404742"]
[WhiteElo "2146"]
[BlackElo "1912"]
[Result "1-0"]
[Round "2"]
[TimeControl "180+2"]
[Date "2023.06.20"]
[WhiteClock "0:00:06"]
[BlackClock "0:00:02"]
[Board "183"]

1. d4 Nf6 2. Nf3 g6 3. Bg5 Bg7 4. c3 h6 5. Bh4 d6 6. Nbd2 Nbd7 7. e4 O-O 8. Bc4 Nb6 9. Bb3 c5 10. Qc2 Bd7 11. e5 Bf5 12. Qd1 dxe5 13. dxe5 Ng4 14. e6 fxe6 15. O-O g5 16. Bg3 Nd5 17. Re1 b5 18. Ne4 c4 19. Bc2 Qb6 20. h3 Ngf6 21. Nd4 Nxe4 22. Bxe4 Bxd4 23. cxd4 Rad8 24. Be5 Nf6 25. Bc2 b4 26. Bxf5 exf5 27. Qc2 Ne4 28. Qxc4+ Kh7 29. Rac1 Rc8 30. Qxc8 Rxc8 31. Rxc8 Qa6 32. Rec1 Qxa2 33. R8c2 a5 34. f3 Nf6 35. Rc7 Nd5 36. Rd7 Kg6 37. Rc5 e6 38. Rd6 Qb1+ 39. Kh2 Ne3 40. Rxe6+ Kh5 41. Bg7 Nf1+ 42. Kg1 Ng3+ 43. Kf2 Qf1+ 44. Kxg3 f4+ 45. Kh2 Qf2 46. Rxh6# 1-0


[Site "https://www.chess.com"]

[Event "Titled Tuesday Blitz June 20 Early 2023"]
[White "Georg, Heinz"]
[Black "Mekhane, Adam"]
[WhiteFideId "4607295"]
[BlackFideId "36050601"]
[WhiteElo "2300"]
[BlackElo "2177"]
[Result "0-1"]
[Round "2"]
[TimeControl "180+2"]
[Date "2023.06.20"]
[WhiteClock "0:00:12"]
[BlackClock "0:02:28"]
[Board "184"]

1. e4 c5 2. Nf3 d6 3. Bb5+ Nd7 4. O-O a6 5. Bxd7+ Bxd7 6. d4 cxd4 7. Nxd4 Nf6 8. Re1 e5 9. Nf3 h6 10. c4 Rc8 11. b3 Be7 12. Bb2 O-O 13. Nc3 b5 14. cxb5 axb5 15. h3 Qa5 16. Qd2 b4 17. Ne2 Nxe4 18. Qe3 Nc3 19. Ng3 f5 20. Nd2 f4 21. Qd3 fxg3 22. Qxg3 Rf4 23. Nc4 Rcxc4 24. bxc4 Bh4 25. Qg6 Bxf2+ 26. Kh1 Bxe1 27. Rxe1 Qc5 28. Bc1 Rf6 29. Qd3 Bf5 0-1


[Site "https://www.chess.com"]

[Event "Titled Tuesday Blitz June 20 Early 2023"]
[White "Sala, Giulia"]
[Black "Goffredo_Fofi"]
[WhiteFideId "2840451"]
[WhiteElo "1769"]
[BlackElo "2510"]
[Result "0-1"]
[Round "2"]
[TimeControl "180+2"]
[Date "2023.06.20"]
[WhiteClock "0:00:00"]
[BlackClock "0:00:12"]
[Board "185"]

1. e4 Nf6 2. Nc3 e5 3. Bc4 Nxe4 4. Bxf7+ Kxf7 5. Nxe4 d5 6. Nc3 c6 7. Qh5+ g6 8. Qxe5 Bd6 9. Qd4 Re8+ 10. Nge2 Nd7 11. O-O Nf6 12. d3 Nh5 13. h3 Be6 14. Nf4 Nxf4 15. Bxf4 c5 16. Qa4 Bd7 17. Nb5 Bxb5 18. Qxb5 Bxf4 19. Qxb7+ Kg8 20. Rae1 Qd6 21. Qb5 Be5 22. c3 Rab8 23. Qa4 Rf8 24. Qc2 Qf6 25. Qe2 Rbe8 26. Qd2 Bc7 27. Qc2 Qf4 28. g3 Qf3 29. Rxe8 Rxe8 30. Qd1 Qxd1 31. Rxd1 Re2 32. Rb1 Bd6 33. a4 a5 34. b3 Kf7 35. c4 d4 36. Kf1 Rd2 37. Re1 Rxd3 38. Rb1 Rc3 39. Rb2 d3 40. Ke1 Be5 41. Kd2 Bd4 42. Rb1 Kf6 43. f3 Rc2+ 44. Kxd3 Rf2 45. Ke4 Rg2 46. g4 Rh2 47. f4 Rxh3 48. g5+ Kf7 49. Kd5 Rf3 50. Ke4 Re3+ 51. Kd5 Re2 52. Kc6 Re6+ 53. Kb5 Bc3 54. Kxc5 Bb4+ 55. Kd5 Rd6+ 56. Ke5 Re6+ 57. Kd5 Re3 58. c5 Ke7 59. Kc4 Ke6 60. Kb5 Kd7 61. c6+ Kc7 62. Rd1 Re7 63. Rd4 Rf7 64. Rd5 Rf5 65. Rxf5 gxf5 66. Kc4 Bd2 67. Kd5 Bxf4 68. Ke6 Bxg5 69. Kxf5 Bd2 70. Ke4 Kxc6 71. Kd3 Bb4 72. Kc4 h5 73. Kd3 Kd5 74. Ke3 h4 75. Kf3 Kd4 76. Kg4 Kc3 77. Kxh4 Kxb3 78. Kg3 Kxa4 79. Kf3 Kb3 80. Ke2 Kb2 0-1


[Site "https://www.chess.com"]

[Event "Titled Tuesday Blitz June 20 Early 2023"]
[White "Garcia, Erick"]
[Black "Theytookourjobs"]
[WhiteFideId "2058880"]
[WhiteElo "2202"]
[BlackElo "2300"]
[Result "1-0"]
[Round "2"]
[TimeControl "180+2"]
[Date "2023.06.20"]
[WhiteClock "0:01:59"]
[BlackClock "0:00:21"]
[Board "186"]

1. d4 e6 2. c4 f5 3. g3 Nf6 4. Bg2 Be7 5. Nf3 O-O 6. O-O d6 7. Nc3 Ne4 8. Nxe4 fxe4 9. Ne1 d5 10. Be3 Nd7 11. Rc1 c6 12. f3 exf3 13. Nxf3 Bf6 14. Qd3 Qe7 15. Bf4 Kh8 16. e4 dxc4 17. Rxc4 e5 18. dxe5 Bxe5 19. Nxe5 Nxe5 20. Bxe5 Rxf1+ 21. Qxf1 Be6 22. Rc1 Bxa2 23. Bc3 Rf8 24. Qe2 Qc5+ 25. Kh1 Qg5 26. Rf1 Rd8 27. e5 h6 28. e6 Re8 29. Bh3 Qd5+ 30. Kg1 Qc5+ 31. Qf2 Qxf2+ 32. Rxf2 Bxe6 33. Bxe6 Rxe6 34. Rf7 b5 35. Rxg7 b4 36. Re7+ bxc3 37. Rxe6 cxb2 38. Re1 a5 39. Rb1 1-0


[Site "https://www.chess.com"]

[Event "Titled Tuesday Blitz June 20 Early 2023"]
[White "Modric, Nesa"]
[Black "Brunner, Nicolas"]
[WhiteFideId "922579"]
[BlackFideId "620246"]
[WhiteElo "2167"]
[BlackElo "2319"]
[Result "0-1"]
[Round "2"]
[TimeControl "180+2"]
[Date "2023.06.20"]
[WhiteClock "0:00:00"]
[BlackClock "0:01:45"]
[Board "187"]

1. e4 e5 2. Nf3 Nf6 3. Bc4 Nxe4 4. Nc3 Nf6 5. Nxe5 d5 6. Bb3 Bd6 7. d4 c6 8. O-O O-O 9. Bg5 Nbd7 10. Nxd7 Bxd7 11. Qf3 h6 12. Bxf6 Qxf6 13. Qxf6 gxf6 14. Rfe1 Rfe8 15. Ne2 b5 16. Ng3 Kg7 17. Kf1 f5 18. Rxe8 Rxe8 19. h3 f4 20. Ne2 f3 21. Ng3 fxg2+ 22. Kxg2 f5 23. a4 b4 24. Nf1 f4 25. Nd2 Kf6 26. Nf3 Rg8+ 27. Kh2 Bf5 28. c3 bxc3 29. bxc3 Rb8 0-1


[Site "https://www.chess.com"]

[Event "Titled Tuesday Blitz June 20 Early 2023"]
[White "Droin, Augustin"]
[Black "Calderin Gonzalez, Roberto"]
[WhiteFideId "45105987"]
[BlackFideId "5102979"]
[WhiteElo "2333"]
[BlackElo "2295"]
[Result "1-0"]
[Round "2"]
[TimeControl "180+2"]
[Date "2023.06.20"]
[WhiteClock "0:00:47"]
[BlackClock "0:00:00"]
[Board "188"]

1. e4 c5 2. Nf3 Nc6 3. d4 cxd4 4. Nxd4 g6 5. c4 Bg7 6. Be3 Nf6 7. Nc3 O-O 8. Be2 d6 9. O-O Bd7 10. h3 Rc8 11. f4 Nxd4 12. Bxd4 Bc6 13. Qd3 a6 14. Kh1 b5 15. cxb5 Bxb5 16. Nxb5 axb5 17. Bf3 Qa5 18. e5 dxe5 19. fxe5 Rfd8 20. Qe3 Nd5 21. Qf2 Rd7 22. Bxd5 Rxd5 23. Qxf7+ Kh8 24. Qxd5 Qd2 25. Rad1 Qg5 26. Qe6 Rc2 27. Rf2 1-0


[Site "https://www.chess.com"]

[Event "Titled Tuesday Blitz June 20 Early 2023"]
[White "Cesar Maestre, Bernardo"]
[Black "Goltseva, Ekaterina"]
[WhiteFideId "24542547"]
[BlackFideId "24173770"]
[WhiteElo "2271"]
[BlackElo "2114"]
[Result "1-0"]
[Round "2"]
[TimeControl "180+2"]
[Date "2023.06.20"]
[WhiteClock "0:00:19"]
[BlackClock "0:00:09"]
[Board "189"]

1. e4 c6 2. d4 d5 3. e5 c5 4. dxc5 Nc6 5. f4 Bf5 6. Nf3 e6 7. Be3 Rc8 8. c3 a5 9. a4 f6 10. Bb5 Ne7 11. exf6 gxf6 12. Nd4 Bg7 13. g4 Be4 14. Nxe6 Qd7 15. Nxg7+ Kf7 16. O-O Kxg7 17. Nd2 Bg6 18. f5 Bf7 19. Nf3 Rhg8 20. Bd4 Kf8 21. Kh1 Rxg4 22. Bxf6 Nxf5 23. Ne5 Qe6 24. Nxg4 h5 25. Qf3 Bg6 26. Rae1 Qf7 27. Ne5 Nxe5 28. Bxe5 Kg8 29. Bd3 Rf8 30. Bxf5 Bxf5 31. Bd6 Be4 32. Rxe4 Qxf3+ 33. Rxf3 Rxf3 34. Rd4 Rf2 35. b4 axb4 36. cxb4 Rb2 37. b5 Kf7 38. Rxd5 Ra2 39. c6 Ra1+ 40. Kg2 bxc6 41. bxc6 Rxa4 42. c7 Ra8 43. Rc5 Rc8 44. Bg3 Ke6 45. Rxh5 Kd7 46. Rb5 Kc6 47. Rb8 Kd7 48. Rxc8 Kxc8 49. h4 Kd7 50. h5 Kc8 51. h6 Kd7 52. h7 Kc8 53. h8=Q+ Kd7 54. Qd8+ Kc6 55. c8=Q+ Kb5 56. Qd5+ Ka4 57. Qcc4+ Ka3 58. Qdd3+ Kb2 59. Qcc2+ Ka1 60. Qdd1# 1-0


[Site "https://www.chess.com"]

[Event "Titled Tuesday Blitz June 20 Early 2023"]
[White "Ziatdinov, Raset"]
[Black "Camilla_Lee"]
[WhiteFideId "2015323"]
[WhiteElo "2220"]
[BlackElo "2507"]
[Result "0-1"]
[Round "2"]
[TimeControl "180+2"]
[Date "2023.06.20"]
[WhiteClock "0:00:10"]
[BlackClock "0:00:40"]
[Board "190"]

1. e4 e5 2. Nf3 Nc6 3. Bb5 f5 4. d3 fxe4 5. dxe4 Nf6 6. Nc3 Bb4 7. Qe2 Bxc3+ 8. bxc3 Qe7 9. O-O d6 10. Bxc6+ bxc6 11. Qc4 c5 12. Bg5 Be6 13. Qb5+ Kf7 14. Nh4 h6 15. Bxf6 Qxf6 16. Nf5 Bxf5 17. exf5 Qxf5 18. f4 e4 19. Qc4+ Qe6 20. Qe2 Rhe8 21. f5 Qf6 22. Qc4+ Kf8 23. Rae1 Re5 24. Rxe4 Rae8 25. Rg4 Qf7 26. Qf4 Qxa2 27. f6 g5 28. Qf2 Qe6 29. Rg3 Re2 30. f7 Re7 31. Qf3 Qe3+ 32. Kh1 Qxf3 33. Rgxf3 Rxc2 34. Rf6 Rxc3 35. g4 a5 36. Rxh6 Rxf7 37. Rh8+ Ke7 38. Rxf7+ Kxf7 39. Rh7+ Ke6 40. Rxc7 a4 41. Ra7 a3 42. Kg2 Ke5 43. Kf1 Ke4 44. Ke2 Rc2+ 45. Kd1 Rxh2 46. Rxa3 d5 47. Ra5 c4 48. Ra8 Kd3 49. Ke1 d4 50. Rg8 c3 51. Rxg5 c2 52. Rc5 c1=Q+ 53. Rxc1 Rh1+ 54. Kf2 Rxc1 0-1


[Site "https://www.chess.com"]

[Event "Titled Tuesday Blitz June 20 Early 2023"]
[White "Czerw, Dawid"]
[Black "Brueckner, Thomas"]
[WhiteFideId "1145746"]
[BlackFideId "4600452"]
[WhiteElo "2144"]
[BlackElo "2319"]
[Result "0-1"]
[Round "2"]
[TimeControl "180+2"]
[Date "2023.06.20"]
[WhiteClock "0:00:06"]
[BlackClock "0:00:28"]
[Board "191"]

1. e4 c6 2. Nc3 d5 3. Qf3 d4 4. Bc4 Nf6 5. Nce2 Nbd7 6. d3 Ne5 7. Qg3 Nxc4 8. dxc4 Nxe4 9. Qf4 Qa5+ 10. Kf1 Nf6 11. Nxd4 e5 12. Qe3 Be7 13. Nb3 Qc7 14. Nf3 Ng4 15. Qe2 O-O 16. h3 Nf6 17. Nxe5 Bd6 18. Nd3 Bf5 19. Be3 Rfe8 20. c5 Bf8 21. Qf3 Be4 22. Qf4 Qd7 23. Rd1 Nd5 24. Qg3 f5 25. Kg1 Qe6 26. Kh2 Rad8 27. Rhe1 Qf6 28. c3 Bxd3 29. Rxd3 f4 30. Qg4 fxe3 31. fxe3 Qe5+ 32. Kh1 Nf6 33. Qf3 Rxd3 34. Qf1 Rxe3 35. Rd1 Re1 36. Rxe1 Qxe1 0-1


[Site "https://www.chess.com"]

[Event "Titled Tuesday Blitz June 20 Early 2023"]
[White "Sarkar, Justin"]
[Black "Reprintsev, Alexander"]
[WhiteFideId "2010011"]
[BlackFideId "14100541"]
[WhiteElo "2151"]
[BlackElo "2229"]
[Result "1-0"]
[Round "2"]
[TimeControl "180+2"]
[Date "2023.06.20"]
[WhiteClock "0:02:25"]
[BlackClock "0:02:33"]
[Board "192"]

1. e4 c5 2. Nf3 Nc6 3. d4 cxd4 4. Nxd4 Nf6 5. Nc3 e5 6. Ndb5 d6 7. Nd5 Nxd5 8. exd5 Ne7 9. c4 a6 10. Qa4 Bd7 11. Nxd6# 1-0


[Site "https://www.chess.com"]

[Event "Titled Tuesday Blitz June 20 Early 2023"]
[White "Slovineanu, Viacheslav"]
[Black "Tokhirjonova, Gulrukhbegim"]
[WhiteFideId "13900510"]
[BlackFideId "14203626"]
[WhiteElo "2312"]
[BlackElo "2265"]
[Result "0-1"]
[Round "2"]
[TimeControl "180+2"]
[Date "2023.06.20"]
[WhiteClock "0:00:00"]
[BlackClock "0:00:43"]
[Board "193"]

1. e4 e5 2. Nf3 Nc6 3. Bb5 a6 4. Ba4 Nf6 5. Bxc6 dxc6 6. d3 Bd6 7. Nbd2 c5 8. Nc4 Nd7 9. O-O O-O 10. h3 Re8 11. Kh2 Nf8 12. Ne3 c6 13. g4 b5 14. Nf5 Bc7 15. Rg1 Ng6 16. Bg5 f6 17. Be3 Bb6 18. Qe2 Nf4 19. Qf1 Be6 20. Rg3 Ra7 21. a4 c4 22. a5 Bxe3 23. fxe3 Ng6 24. g5 Rf7 25. Qe2 cxd3 26. cxd3 Rd7 27. Rag1 Rf8 28. d4 exd4 29. N3xd4 Bc4 30. Qg2 c5 31. gxf6 Qxf6 32. Nf3 Bd3 33. h4 Bxe4 34. h5 Qxf5 0-1


[Site "https://www.chess.com"]

[Event "Titled Tuesday Blitz June 20 Early 2023"]
[White "Devaev, Alexander"]
[Black "Rosh Jain"]
[WhiteFideId "4169395"]
[BlackFideId "25789465"]
[WhiteElo "2172"]
[BlackElo "2233"]
[Result "1-0"]
[Round "2"]
[TimeControl "180+2"]
[Date "2023.06.20"]
[WhiteClock "0:01:50"]
[BlackClock "0:01:32"]
[Board "194"]

1. d4 Nf6 2. c4 e6 3. Nf3 d5 4. Nc3 c5 5. cxd5 Nxd5 6. e3 Nc6 7. Bc4 Nxc3 8. bxc3 Be7 9. O-O cxd4 10. cxd4 O-O 11. Bb2 b6 12. e4 Na5 13. Bd3 Bb7 14. Qe2 Nc6 15. Rad1 Nb4 16. Bc4 a5 17. a3 Nc6 18. d5 exd5 19. exd5 Na7 20. Ne5 Nc8 21. Nc6 Bxc6 22. dxc6 Qe8 23. Rfe1 Ra7 24. Bb5 Rc7 25. Qe5 1-0


[Site "https://www.chess.com"]

[Event "Titled Tuesday Blitz June 20 Early 2023"]
[White "Andreassen, Lars"]
[Black "angelgab3"]
[WhiteFideId "1504878"]
[WhiteElo "2119"]
[BlackElo "2506"]
[Result "0-1"]
[Round "2"]
[TimeControl "180+2"]
[Date "2023.06.20"]
[WhiteClock "0:00:00"]
[BlackClock "0:00:14"]
[Board "195"]

1. d4 Nf6 2. Nf3 e6 3. Bg5 c5 4. e3 Nc6 5. c3 Be7 6. Nbd2 b6 7. Bd3 Bb7 8. O-O O-O 9. e4 cxd4 10. cxd4 d6 11. Re1 Rc8 12. Rc1 h6 13. Bh4 Nh5 14. Bxe7 Qxe7 15. a3 Qf6 16. Nb3 Nf4 17. Bf1 Ne7 18. Rxc8 Rxc8 19. g3 Nfg6 20. Bg2 Nc6 21. Qd2 Qd8 22. Rd1 Nce7 23. Ne1 Rc7 24. Rc1 Rxc1 25. Qxc1 Qa8 26. Qc2 Ba6 27. Nc1 d5 28. e5 Nf5 29. Nf3 Qd8 30. Na2 Bc4 31. b3 Bb5 32. a4 Be8 33. Bf1 f6 34. Ba6 Qb8 35. exf6 gxf6 36. h4 Nd6 37. Nc1 Ne4 38. Bd3 f5 39. Ne2 Nf6 40. Kg2 Kg7 41. Qc3 Qd6 42. Qc8 Qe7 43. Qb8 Nf8 44. Ne5 Ng8 45. f4 Ng6 46. Nxg6 Bxg6 47. Nc3 Bh5 48. Nb5 a5 49. Nc7 Nf6 50. Qc8 Kf7 51. Bb5 Bd1 52. b4 axb4 0-1


[Site "https://www.chess.com"]

[Event "Titled Tuesday Blitz June 20 Early 2023"]
[White "Kochiev, Ivan"]
[Black "Rodriguez Santiago, Jaime"]
[WhiteFideId "2917890"]
[BlackFideId "3100898"]
[WhiteElo "2287"]
[BlackElo "2025"]
[Result "1-0"]
[Round "2"]
[TimeControl "180+2"]
[Date "2023.06.20"]
[WhiteClock "0:00:31"]
[BlackClock "0:00:21"]
[Board "196"]

1. e4 c6 2. d4 d5 3. Nc3 dxe4 4. Nxe4 Nf6 5. Nxf6+ exf6 6. c3 Bd6 7. Bd3 O-O 8. Ne2 Re8 9. O-O Nd7 10. Ng3 g6 11. Ne4 Bf8 12. Bf4 Nb6 13. Re1 Be6 14. Qf3 Nd5 15. Bd2 Bg7 16. Rad1 b5 17. Nc5 a6 18. h3 Qd6 19. Re2 f5 20. Rde1 Nc7 21. Bf4 Qd8 22. Qxc6 Nd5 23. Nxe6 fxe6 24. Rxe6 Rxe6 25. Qxe6+ Kh8 26. Bg3 f4 27. Bh4 g5 28. Qf5 1-0


[Site "https://www.chess.com"]

[Event "Titled Tuesday Blitz June 20 Early 2023"]
[White "Akylbek2021"]
[Black "agvania123"]
[WhiteElo "2504"]
[BlackElo "2257"]
[Result "1-0"]
[Round "2"]
[TimeControl "180+2"]
[Date "2023.06.20"]
[WhiteClock "0:01:44"]
[BlackClock "0:00:18"]
[Board "197"]

1. e4 d5 2. exd5 Qxd5 3. Nc3 Qd8 4. Bc4 Nf6 5. Nf3 a6 6. a4 Nc6 7. h3 Bf5 8. g4 Bg6 9. d4 e6 10. Bg5 Be7 11. Qd2 Ne4 12. Nxe4 Bxe4 13. Bxe7 Qxe7 14. Qe2 Bxf3 15. Qxf3 Nxd4 16. Qxb7 O-O 17. O-O-O Qc5 18. Qe4 Qxc4 19. Qxd4 Qa2 20. b3 Rad8 21. Qb2 Qxb2+ 22. Kxb2 c5 23. Kc3 Rd5 24. Rxd5 exd5 25. Re1 Rd8 26. Re7 g6 27. Rc7 c4 28. b4 Rd6 29. Kd4 Kg7 30. Kc5 Rd8 31. Rc6 c3 32. Kd4 Re8 33. Rxa6 Re2 34. Kxc3 Rxf2 35. a5 d4+ 36. Kxd4 1-0


[Site "https://www.chess.com"]

[Event "Titled Tuesday Blitz June 20 Early 2023"]
[White "Peiris, T G M"]
[Black "Kuzmin, Roman"]
[WhiteFideId "9901310"]
[BlackFideId "44134932"]
[WhiteElo "2022"]
[BlackElo "2122"]
[Result "0-1"]
[Round "2"]
[TimeControl "180+2"]
[Date "2023.06.20"]
[WhiteClock "0:00:00"]
[BlackClock "0:00:51"]
[Board "198"]

1. e4 c5 2. c3 d5 3. exd5 Qxd5 4. d4 Nf6 5. Nf3 Nc6 6. Be2 Bg4 7. c4 Qd7 8. d5 Bxf3 9. Bxf3 Nd4 10. Be3 g6 11. Bxd4 cxd4 12. Qxd4 Bg7 13. Qe3 O-O 14. Nc3 Rac8 15. Be2 Rfe8 16. Qxa7 e6 17. dxe6 Rxe6 18. O-O Rce8 19. Bf3 R6e7 20. Rad1 Qf5 21. Nd5 Nxd5 22. Rxd5 Qf4 23. Qa3 Qxc4 24. g3 h5 25. Rc5 Qd4 26. Bg2 Re2 27. Rd5 Qc4 28. b3 Qc2 29. Qc5 Qxa2 30. Rd7 Re1 31. Rxb7 Qa1 32. Qd5 Qf6 33. Qd7 Bh6 34. Bd5 R1e7 35. Bxf7+ Qxf7 0-1


[Site "https://www.chess.com"]

[Event "Titled Tuesday Blitz June 20 Early 2023"]
[White "Clawitter, Craig"]
[Black "Rodriguez, Santiago"]
[WhiteFideId "2023105"]
[BlackFideId "3000591"]
[WhiteElo "2242"]
[BlackElo "2249"]
[Result "0-1"]
[Round "2"]
[TimeControl "180+2"]
[Date "2023.06.20"]
[WhiteClock "0:00:00"]
[BlackClock "0:01:12"]
[Board "199"]

1. e4 d6 2. d4 g6 3. Nc3 Bg7 4. Be3 a6 5. Qd2 b5 6. Nf3 Bb7 7. Bd3 Nd7 8. a3 Nb6 9. O-O Nf6 10. Bh6 O-O 11. Rae1 c5 12. Bxg7 Kxg7 13. e5 dxe5 14. dxe5 Nfd5 15. e6 f6 16. Be4 b4 17. axb4 cxb4 18. Nxd5 Nxd5 19. Rd1 Qa5 20. Bxd5 Rad8 21. Bxb7 Rxd2 22. Rxd2 Rb8 23. Rd7 Qc5 24. h4 a5 25. Rfd1 a4 26. Nd4 a3 27. bxa3 bxa3 28. Nc6 Rxb7 29. Rxb7 Qxc6 30. Rxe7+ Kh6 31. Rdd7 g5 32. Rxh7+ Kg6 33. g4 f5 34. Rdf7 gxh4 35. gxf5+ Kg5 36. Rfg7+ Kxf5 37. e7 a2 38. Rf7+ Kg6 39. Rhg7+ Kh5 40. Rh7+ Kg4 41. Rhg7+ Kh3 0-1


[Site "https://www.chess.com"]

[Event "Titled Tuesday Blitz June 20 Early 2023"]
[White "Lehtosaari, Mauri"]
[Black "Tuleyeva-Aketayeva, Dana"]
[WhiteFideId "501999"]
[BlackFideId "13701932"]
[WhiteElo "2500"]
[BlackElo "2030"]
[Result "1-0"]
[Round "2"]
[TimeControl "180+2"]
[Date "2023.06.20"]
[WhiteClock "0:00:08"]
[BlackClock "0:00:02"]
[Board "200"]

1. d4 Nf6 2. Nf3 e6 3. Bg5 Be7 4. Nbd2 O-O 5. e3 d5 6. Bd3 c5 7. c3 c4 8. Bc2 b5 9. Ne5 Bb7 10. f4 Ne4 11. Bxe7 Qxe7 12. Qf3 f6 13. Nxe4 fxe5 14. Ng5 e4 15. Qh3 h6 16. Qxe6+ Qxe6 17. Nxe6 Rf7 18. a4 a6 19. Nc5 Bc6 20. O-O Raa7 21. Bd1 Nd7 22. b4 Nxc5 23. dxc5 Rfc7 24. Bg4 bxa4 25. Bd1 a5 26. Bxa4 axb4 27. Bxc6 Rxa1 28. Rxa1 Rxc6 29. cxb4 Rc7 30. Rb1 Kf7 31. Kf2 Ke7 32. Ke2 Kd7 33. Kd2 Kc6 34. Ra1 Kb5 35. Kc3 Rd7 36. Ra5+ Kc6 37. Kd4 Rb7 38. Kc3 Rd7 39. Ra6+ Kc7 40. b5 d4+ 41. exd4 e3 42. Ra1 e2 43. Re1 Re7 44. Kxc4 Re4 45. g3 g5 46. fxg5 hxg5 47. Kd5 Re3 48. b6+ Kb7 49. Kc4 g4 50. d5 Re4+ 51. Kd3 Re5 52. Rxe2 Rxd5+ 53. Kc4 Rh5 54. Re7+ Kb8 55. c6 Rh8 56. Rg7 Kc8 57. Rxg4 1-0


[Site "https://www.chess.com"]

[Event "Titled Tuesday Blitz June 20 Early 2023"]
[White "Rodchenkov, Sergey D."]
[Black "Nithyalakshmi, Sivanesan"]
[WhiteFideId "4168712"]
[BlackFideId "5706955"]
[WhiteElo "2277"]
[BlackElo "1815"]
[Result "1-0"]
[Round "2"]
[TimeControl "180+2"]
[Date "2023.06.20"]
[WhiteClock "0:00:07"]
[BlackClock "0:00:00"]
[Board "201"]

1. e4 e6 2. d4 d5 3. Nc3 Nf6 4. e5 Ng8 5. f4 Nh6 6. Nf3 c5 7. Be3 Nf5 8. Bf2 Qb6 9. Na4 Qa5+ 10. c3 c4 11. b4 cxb3 12. Qxb3 Bd7 13. Nb2 Na6 14. g4 Ne7 15. Bd3 h5 16. g5 Qb6 17. O-O Rc8 18. Qc2 g6 19. a3 Nf5 20. c4 dxc4 21. Nxc4 Qc6 22. Qe2 Nc7 23. Rfc1 Qa4 24. Rab1 Nd5 25. Qd2 b6 26. Ne3 Nfxe3 27. Rxc8+ Bxc8 28. Bb5+ Qxb5 29. Rxb5 Bd7 30. Rb1 Nf5 31. Qc1 Be7 32. Nd2 O-O 33. Ne4 Rc8 34. Qe1 Nxf4 35. Qd2 Nd5 36. Rc1 Rb8 37. h4 Kg7 38. Qd1 Nf4 39. Qd2 Nd5 40. Kh2 Bxa3 41. Nf6 Bxc1 42. Qxc1 Bb5 43. Nxd5 exd5 44. Qc7 Re8 45. Bg3 a6 46. e6 Rxe6 47. Be5+ Rxe5 48. Qxe5+ Kg8 49. Qxd5 1-0


[Site "https://www.chess.com"]

[Event "Titled Tuesday Blitz June 20 Early 2023"]
[White "Thiel, Thomas"]
[Black "Shuvalov, Evgenij"]
[WhiteFideId "4615964"]
[BlackFideId "4187237"]
[WhiteElo "2231"]
[BlackElo "2080"]
[Result "0-1"]
[Round "2"]
[TimeControl "180+2"]
[Date "2023.06.20"]
[WhiteClock "0:01:16"]
[BlackClock "0:01:56"]
[Board "202"]

1. e4 e6 2. d4 d5 3. Nc3 Bb4 4. e5 c5 5. a3 Bxc3+ 6. bxc3 Ne7 7. Qg4 Qc7 8. Qxg7 Rg8 9. Qxh7 cxd4 10. Ne2 Nbc6 11. f4 Bd7 12. Qd3 dxc3 13. Nxc3 a6 14. Ne2 Rc8 15. Bb2 Na7 16. Nd4 Nb5 17. Nb3 Qxc2 18. Qxc2 Rxc2 19. Bc1 Nf5 20. Bd3 Rcxg2 21. Bxf5 exf5 22. h4 Nc3 23. h5 Re2+ 24. Kf1 Rgg2 25. h6 Ne4 26. Rh3 Rgf2+ 27. Kg1 Re1# 0-1


[Site "https://www.chess.com"]

[Event "Titled Tuesday Blitz June 20 Early 2023"]
[White "La Villa Rivas, Marlon Javier"]
[Black "Zheenbekov, Nurgazy"]
[WhiteFideId "3519546"]
[BlackFideId "13800485"]
[WhiteElo "2135"]
[BlackElo "1975"]
[Result "0-1"]
[Round "2"]
[TimeControl "180+2"]
[Date "2023.06.20"]
[WhiteClock "0:00:08"]
[BlackClock "0:00:04"]
[Board "203"]

1. e4 e5 2. Nf3 Nc6 3. Bb5 a6 4. Ba4 Nf6 5. d3 b5 6. Bb3 Be7 7. g4 d6 8. g5 Nd7 9. Bd5 Bb7 10. Be3 Nb6 11. Bxb6 cxb6 12. h4 Na5 13. Nc3 Nc6 14. Qd2 b4 15. Ne2 a5 16. d4 Qc7 17. O-O-O O-O-O 18. Bxc6 Bxc6 19. d5 Bb5 20. Kb1 Kb7 21. Nc1 Rc8 22. Nb3 h6 23. Rhg1 hxg5 24. Nxg5 Bf6 25. Rc1 Rxh4 26. c4 Ba4 27. c5 bxc5 28. Nf3 Rf4 29. Qe2 Qb6 30. Nfd2 Bb5 31. Nc4 Bxc4 32. Qxc4 Rh8 33. Rc2 Rhh4 34. Nd2 Rxf2 35. Qd3 Rhh2 36. Nc4 Qa6 37. Rxf2 Rxf2 38. b3 a4 39. Rh1 axb3 40. Qxb3 Rf3 41. Qxf3 Qxc4 42. Rc1 Qd4 43. Qe2 Kb6 44. Rc4 Qg1+ 45. Kb2 Bg5 46. a3 Be3 47. axb4 Bd4+ 48. Kc2 cxb4 49. Rxb4+ Kc7 50. Qc4+ Bc5 51. Ra4 Qf2+ 52. Kb3 Qe3+ 53. Qc3 Qe2 54. Qa5+ Kd7 55. Ra2 Qd3+ 56. Qc3 Qb1+ 57. Rb2 Qxe4 58. Ka2 Qxd5+ 59. Ka1 Bd4 60. Qh3+ Qe6 0-1


[Site "https://www.chess.com"]